 Dungeon Crawl Stone Soup version 0.30.1-4-g462c640d31 (webtiles) character file.

Game seed: 2756007136194880309

268 wingedge the Gusty (level 5, -1/41 HPs)
             Began as a Demigod Air Elementalist on Aug 30, 2023.
             Slain by an orc wizard
             ... wielding a +1 dagger of speed
              (4 damage)
             ... on level 4 of the Dungeon.
             The game lasted 00:20:36 (4165 turns).

wingedge the Gusty (Demigod Air Elementalist)       Turns: 4165, Time: 00:20:36

Health: -1/41      AC:  2    Str:  9    XL:     5   Next: 68%
Magic:  12/12      EV: 12    Int: 21    God:
Gold:   181        SH:  0    Dex: 14    Spells: 2/10 levels left

rFire   . . .        a - +2 war axe (freeze)
rCold   . . .        (no shield)
rNeg    . . .        e - +0 robe
rPois   .            s - +0 hat
rElec   .            (no cloak)
rCorr   .            (no gloves)
SInv    .            (no boots)
Will    .....        (no amulet)
Stlth   ++           (no ring)
HPRegen 0.26/turn    (no ring)
MPRegen 0.13/turn

%: no passive effects
@: no status effects
A: high MP 1, forlorn, divine attributes
a: no special abilities


You were on level 4 of the Dungeon.
You visited 1 branch of the dungeon, and saw 4 of its levels.

You collected 181 gold pieces.

Inventory:

Hand Weapons
 a - a +2 war axe of freezing (weapon)
 b - a +2 spear of flaming
Missiles
 k - 7 poisoned darts
 n - 2 datura-tipped darts
 w - 3 curare-tipped darts (quivered)
Armour
 e - a +0 robe (worn)
 g - a +0 ring mail
 s - a +0 hat (worn)
 t - a +0 leather armour
Wands
 m - a wand of mindburst (11)
Scrolls
 c - a scroll of teleportation
 l - a scroll of blinking
 o - a scroll of vulnerability
 p - a scroll of immolation
 q - a scroll of fear
 r - a scroll of enchant armour
 v - a scroll of magic mapping {unknown}
Potions
 d - a potion of mutation {unknown}
 f - 2 potions of brilliance {unknown}
 h - a potion of attraction {unknown}
 i - 3 potions of curing {unknown}
 j - a potion of cancellation {unknown}
 u - a potion of degeneration {unknown}
 z - a potion of might {unknown}


   Skills:
 + Level 1.8 Fighting
 - Level 2.0 Dodging
 - Level 2.0 Stealth
 + Level 3.1 Spellcasting
 * Level 3.1 Conjurations
 + Level 3.6 Air Magic


You had 2 spell levels left.
You knew the following spells:

 Your Spells              Type           Power      Damage    Failure   Level
a - Shock                 Conj/Air       68%        1d7       3%          1
b - Static Discharge      Conj/Air       34%        2-4/arc   4%          2
c - Swiftness             Air            18%        N/A       9%          3
d - Searing Ray           Conj           32%        2d5       5%          2

Your spell library contained the following spells:

 Spells                   Type           Power      Damage    Failure   Level
 Magic Dart               Conj           64%        1d6       3%          1
 Cigotuvi's Dreadful Rot  Necr/Pois/Air  16%        N/A       12%         2
 Lesser Beckoning         Tloc           6%         N/A       21%         2
 Sublimation of Blood     Necr           3%         N/A       21%         2
 Wereblood                Tmut           3%         N/A       21%         2
 Airstrike                Air            9%         2d(2-18)  30%         4
 Gell's Gravitas          Tloc           3%         N/A       36%         3
 Ignite Poison            Fire/Tmut/Pois 3%         N/A       36%         3
 Portal Projectile        Hex/Tloc       6%         N/A       36%         3
 Teleport Other           Tloc           3%         N/A       36%         3
 Tukima's Dance           Hex            3%         N/A       36%         3
 Fulminant Prism          Conj/Hex       4%         3d5       56%         4
 Iskenderun's Battlesphe  Conj           16%        2d7       71%         5
 Freezing Cloud           Conj/Ice/Air   6%         6-21      82%         5
 Fireball                 Conj/Fire      4%         3d4       88%         5
 Blade Hands              Tmut           1%         N/A       98%         5
 Conjure Ball Lightning   Conj/Air       8%         3x3d6     99%         6
 Orb of Destruction       Conj           8%         9d6       100%        7
 Summon Hydra             Summ           1%         N/A       100%        7


Dungeon Overview and Level Annotations

Branches:
Dungeon (4/15)
 Temple: D:4-7

Annotations:
D:3 1 runed translucent door, Crazy Yiuf
D:4 exclusion: steam dragon, Edmund


Innate Abilities, Weirdness & Mutations

You have an increased reservoir of magic. (+10% MP)
You shall have no god before yourself.
Your divine heritage dramatically boosts your attributes as you level up.


Message History

You kill the orc!
The lightning grounds out.
The orc wizard is struck by an arc of lightning.
The orc wizard is heavily wounded.
You are struck by an arc of lightning.
The lightning grounds out.
The orc wizard gestures wildly while chanting.
The orc wizard flickers and vanishes!
Casting: Static Discharge (safe; 5% risk of failure)
Confirm with . or Enter, or press ? or * to list all spells.
Something is struck by an arc of lightning.
You are struck by an arc of lightning.
The lightning grounds out.
Something hits you.
Casting: Static Discharge (safe; 5% risk of failure)
Confirm with . or Enter, or press ? or * to list all spells.
Something is struck by an arc of lightning.
You are struck by an arc of lightning.
Something is struck by an arc of lightning.
The lightning grounds out.
Something is struck by an arc of lightning.
Reactivating autopickup.
You feel a bit more experienced.
You are struck by an arc of lightning.
The lightning grounds out.
Something hits you.
Deactivating autopickup; reactivate with Ctrl-A.
Something hits you. Something hits you.
You closely miss something.
You hear some strange, mumbled words.
A puff of flame appears from out of thin air!
The puff of flame hits you!
* * * LOW HITPOINT WARNING * * *
Something hits you.
* * * LOW HITPOINT WARNING * * *
You closely miss something. Something hits you.
* * * LOW HITPOINT WARNING * * *
Something hits you.
* * * LOW HITPOINT WARNING * * *
Magic courses through your body. Something hits you.
* * * LOW HITPOINT WARNING * * *
Something hits you.
You die...

# #.# #...##..#### #. #.#
#.#.##...... #. #.#
#.......#### # #.#####.#
###.##.## ###.#.).....#
#)##.##### #.....)####.###
#......... #.....).......#
#.##.#####
........###.#.#######.#..#
#.....#.# #.{@........#.##
#..$..#.# ###.#######.#.#
###.# #.# #.# #.#.# #. #.#
#.# #.#.# . #.# #.#
#.#.###### # #.# #.#
#.#....... #.# #.########
#.# #.# # #.# #


There were no monsters in sight!

Vanquished Creatures
  A howler monkey (D:3)
  An orc priest (D:4)
  2 orc wizards
  2 sleepcaps
  4 adders
  4 dart slugs
  5 orcs
  4 endoplasms
  2 giant cockroaches (D:1)
  3 hobgoblins
  9 kobolds
  3 quokkas (D:1)
  2 ball pythons (D:1)
  2 bats
  4 frilled lizards
  3 goblins
  5 rats
56 creatures vanquished.

Notes
Turn   | Place    | Note
-------+----------+-------------------------------------------
     0 | D:1      | wingedge the Demigod Air Elementalist began the quest for
                  | the Orb.
     0 | D:1      | Reached XP level 1. HP: 14/14 MP: 5/5
    21 | D:1      | Reached skill level 1 in Conjurations
   440 | D:1      | Reached XP level 2. HP: 20/20 MP: 0/7
   520 | D:1      | Learned a level 2 spell: Static Discharge
  1717 | D:2      | Reached XP level 3. HP: 15/27 MP: 3/8
  1842 | D:2      | Learned a level 3 spell: Swiftness
  2437 | D:3      | Reached skill level 1 in Fighting
  2819 | D:3      | Reached XP level 4. HP: 31/35 MP: 2/10
  3327 | D:3      | Found a runed translucent door.
  3328 | D:3      | Noticed Crazy Yiuf
  3395 | D:3      | Reached XP level 5. HP: 40/40 MP: 3/12
  3398 | D:3      | Learned a level 2 spell: Searing Ray
  3715 | D:4      | Noticed a steam dragon
  3989 | D:4      | Noticed Edmund
  4165 | D:4      | Slain by an orc wizard

Illustrated notes

Levels and vault maps discovered:
D:1:      minmay_arrival_stone_box, layout_basic, basic_ecumenical_altar,
          palyth_stone_intersect
D:2:      layout_basic, serial_forest, infiniplex_forest_lined_corner,
          infiniplex_forest_corner_1, infiniplex_forest_clump_tiny,
          infiniplex_forest_zigzag_1, infiniplex_forest_straight_2,
          infiniplex_forest_lined_2, infiniplex_forest_corner_2,
          infiniplex_forest_side_room, infiniplex_forest_end_double,
          infiniplex_forest_lined_corner, basic_altar, glass_columns_a
D:3:      layout_basic, mainiacjoe_overflow_24_doors, uniq_crazy_yiuf_cottage
D:4:      layout_loops_ring, minmay_misc_feat_pillars, uniq_edmund

Skill      XL: |  1  2  3  4  5 |
---------------+----------------+-----
Conjurations   | 1 2 3 |  3.1
Stealth        | 2 |  2.0
Dodging        | 2 |  2.0
Spellcasting   | 2 3 |  3.1
Air Magic      | 3 |  3.6
Fighting       | 1 |  1.8

Action                     |  1- 3 |  4- 6 || total
---------------------------+-------+-------++-------
  Melee: Unarmed           |    11 |       ||    11
         Short sword       |     5 |       ||     5
         Mace              |       |     6 ||     6
         War axe           |       |     6 ||     6
  Throw: Dart              |     4 |     5 ||     9
   Cast: Shock             |    84 |    33 ||   117
         Static Discharge  |     5 |    13 ||    18
         Searing Ray       |       |     2 ||     2
    Use: Scroll            |     4 |     3 ||     7
         Potion            |     1 |     1 ||     2
   Stab: Sleeping          |       |     1 ||     1
 Armour: Robe              |     3 |     8 ||    11
  Dodge: Dodged            |    13 |    17 ||    30
